 Dungeon Crawl Stone Soup version 0.25-a0-285-gcba6f664f8 (webtiles) character file.

Game seed: 17105693697520593281, levelgen mode: deterministic

62 night the Stinger (level 3, 0/24 HPs)
             Began as a Demonspawn Venom Mage on Dec 11, 2019.
             Succumbed to an adder's poison
             ... on level 3 of the Dungeon.
             The game lasted 00:05:33 (1846 turns).

night the Stinger (Demonspawn Venom Mage)           Turns: 1846, Time: 00:05:34

Health: 0/24       AC:  4    Str: 13    XL:     3   Next: 85%
Magic:  3/8        EV: 12    Int: 19    God:
Gold:   55         SH:  0    Dex: 13    Spells: 2/8 levels left

rFire    . . .     SeeInvis .   f - +2 dagger (elec)
rCold    . . .     Gourm    .   (no shield)
rNeg     . . .     Faith    .   a - +0 robe
rPois    .         Spirit   .   (no helmet)
rElec    .         Reflect  .   (no cloak)
rCorr    .         Harm     .   (no gloves)
MR       .....                  (no boots)
Stlth    ++........             (no amulet)
HPRegen  0.08/turn              (no ring)
MPRegen  0.11/turn              (no ring)

@: mighty, lethally poisoned (0 -> -5), very slightly contaminated, invisible
A: yellow scales 1, clever 1, high mp 1, powered by pain 1
a: no special abilities


You were on level 3 of the Dungeon.
You were not hungry.

You visited 1 branch of the dungeon, and saw 3 of its levels.

You collected 55 gold pieces.

Inventory:

Hand Weapons
 e - a +0 dagger
 f - a +2 dagger of electrocution (weapon)
Missiles
 h - 28 bolts
Armour
 a - a +0 robe (worn)
Scrolls
 b - a scroll of amnesia {unknown}
 k - a scroll of random uselessness
 l - a scroll of immolation {unknown}
Comestibles
 c - 7 rations


   Skills:
 - Level 1.7 Dodging
 - Level 1.7 Stealth
 + Level 3.1 Spellcasting
 - Level 0.8 Transmutations
 + Level 4.0 Poison Magic


You had 2 spell levels left.
You knew the following spells:

 Your Spells              Type           Power        Failure   Level  Hunger
a - Sting                 Tmut/Pois      ##..         5%          1    None
b - Poisonous Vapours     Pois/Air       ##....       10%         2    ##.....
c - Mephitic Cloud        Conj/Pois/Air  #.......     26%         3    ###....

Your spell library contained the following spells:

 Spells                   Type           Power        Failure   Level  Hunger
 Ignite Poison            Fire/Tmut/Pois #.......     24%         3    ###....
 Olgreb's Toxic Radiance  Pois           ###.....     28%         4    ####...


Dungeon Overview and Level Annotations

Branches:
Dungeon (2/15)

Altars:


Innate Abilities, Weirdness & Mutations

You are partially covered in yellow scales. (AC +2)
You sometimes gain a little power by taking damage.
Your mind is acute. (Int +2)
You have an increased reservoir of magic. (+10% MP)


Message History

* * * LOW HITPOINT WARNING * * *
You feel sick.
All of the chunks of flesh in your inventory have rotted away.
Found 10 gold pieces.
Okay, then.
What are your orders? t - Shout!
Orders for allies: a - Attack new target. r - Retreat! s - Stop attacking. g - Guard the area. f - Follow me.
Anything else - Cancel.
You shout for attention!
* * * LOW HITPOINT WARNING * * *
You feel sick.
Found 12 gold pieces and a scroll labeled PESHOTZY FEUS.
Found a scroll of identify.
Really quaff the potion of mutation?
You feel extremely strange.
You feel clever.
You feel more energetic.
You die...

.... ### .)... #####
.... ...... .$..
...... ......
#.####...... ......
#...@.......
...<[.###...........
#....(............
#.....!..###...$..
#.....†..# .?..?.
#....%†..# ######
#........#
#[.####....# ##.
#....#


There were no monsters in sight!

Vanquished Creatures
  2 adders
  A dart slug (D:1)
  3 leopard geckos
  A giant cockroach (D:1)
  6 goblins
  4 hobgoblins
  4 jackals (D:2)
  A ball python (D:2)
  7 bats
  4 frilled lizards
  A kobold (D:1)
  4 rats
38 creatures vanquished.

Notes
Turn   | Place    | Note
-------+----------+-------------------------------------------
     0 | D:1      | night the Demonspawn Venom Mage began the quest for the
                  | Orb.
     0 | D:1      | Reached XP level 1. HP: 13/13 MP: 3/3
   263 | D:1      | Gained mutation: You sometimes gain a little power by
                  | taking damage. [demonic ancestry]
   263 | D:1      | Reached XP level 2. HP: 10/19 MP: 0/5
   554 | D:1      | Learned a level 2 spell: Poisonous Vapours
  1304 | D:2      | Gained mutation: You are partially covered in yellow
                  | scales. (AC +2) [demonic ancestry]
  1304 | D:2      | Reached XP level 3. HP: 24/24 MP: 4/7
  1755 | D:2      | You fall into a shaft and drop 1 floor!
  1820 | D:3      | Learned a level 3 spell: Mephitic Cloud
  1834 | D:3      | Reached skill level 4 in Poison Magic
  1843 | D:3      | HP: 1/24 [poisoned by an adder]
  1845 | D:3      | Gained mutation: Your mind is acute. (Int +2) [potion of
                  | mutation]
  1845 | D:3      | Gained mutation: You have an increased reservoir of magic.
                  | (+10% MP) [potion of mutation]
  1846 | D:3      | Succumbed to an adder's poison

Levels and vault maps discovered:
D:1:      nicolae_arrival_memento_mori, layout_basic, minivault_27,
          minmay_stone_trees_medium
D:2:      layout_basic
D:3:      layout_basic, first_ration, cheibrodos_sewer_entry_bend

Skill      XL: |  1  2  3 |
---------------+----------+-----
Spellcasting   | 3 |  3.1
Poison Magic   | 4 |  4.0
Dodging        | |  1.7
Stealth        | |  1.7
Transmutations | |  0.8

Action                   || total
-------------------------++-------
Melee: Dagger            ||    29
 Cast: Sting             ||    23
       Poisonous Vapours ||    22
  Use: Scroll            ||     3
       Potion            ||     3
  Eat: Chunk             ||     4
Armor: Robe              ||    12
Dodge: Dodged            ||    28

Table legend:
 A = Non-vault XP
 B = Vault XP
 C = Vault XP percentage of total XP
 D = Non-vault monster count
 E = Vault monster count
 F = Vault count percentage of total count
                 A         B        C        D         E       F
            +---------+---------+-------+---------+---------+-------
      Total |      89 |       0 |   0.0 |      38 |       0 |   0.0
            +---------+---------+-------+---------+---------+-------
        D:1 |      39 |       0 |   0.0 |      21 |       0 |   0.0
        D:2 |      34 |       0 |   0.0 |      13 |       0 |   0.0
        D:3 |      16 |       0 |   0.0 |       4 |       0 |   0.0
            +---------+---------+-------+---------+---------+-------
